AoeStats
← hi_joel

Arabia

510460603Analyzed
1v1 RM · 21h ago on Oct 1, 2026· 25m 54s· 2 players
Game mode
Random Map
Map size
Tiny (2 player)
Population
200
Speed
Normal
Resources
Standard
Victory
Conquest
Starting age
Dark Age
Ending age
Imperial Age
RankedLock teamsTeams togetherTeam positionsShared explorationLock speedFull tech treeHidden civsTurbo modeCheats
Victory
Defeat
🇨🇳 Persians · China
1173
+15
🇬🇹 Poles · Guatemala
1155
-15
hi_joel
6:51 Loom
9:37 Feudal Age
19:29 Castle Age
21:38 Husbandry
21:45 Double-Bit Axe
21:44 Horse Collar
22:15 Husbandry
22:45 Scale Barding Armor
22:51 Forging
23:13 Bloodlines
24:11 Chain Barding Armor
yanglegeyang
4:58 Loom
11:06 Feudal Age
16:47 Castle Age
16:04 Bloodlines
19:58 Scale Barding Armor
20:57 Forging
21:35 Husbandry
21:30 Double-Bit Axe
26:33 Wheelbarrow
26:11 Bow Saw
25:42 Horse Collar
Connection lost

Rejoining the realm…

Still unreachable

The connection could not be restored.

Session expired

The server has moved on; the page needs a fresh start.